 Dungeon Crawl Stone Soup version 0.17-a0-725-gfa8c127 (webtiles) character file.

189 Thalios the Skirmisher (level 5, -3/37 HPs)
             Began as a Gargoyle Fighter on Apr 20, 2015.
             Slain by a worm (6 damage)
             ... on level 3 of the Dungeon.
             The game lasted 00:04:51 (2009 turns).

Thalios the Skirmisher (Gargoyle Fighter)           Turns: 2009, Time: 00:04:51

Health: -3/37      AC: 14    Str: 25    XL:     5   Next: 68%
Magic:  5/5        EV:  5    Int:  9    God:
Gold:   169        SH:  9    Dex:  9    Spells: 0 memorised, 4 levels left

rFire  . . .     SeeInvis .     a - +0 flail
rCold  . . .     Clarity  .     k - +0 chain mail
rNeg   + . .     SustAb   .     c - +0 shield
rPois  ∞         Gourm    .     (no helmet)
rElec  +         Spirit   .     (no cloak)
rCorr  .         Warding  .     g - +0 pair of gloves
rMut   .         Stasis   .     (no boots)
MR     .....                    (no amulet)
Stlth  ..........               (no ring)
                                (no ring)

@: mighty, not resistant to hostile enchantments, extremely unstealthy
A: negative energy resistance 1, electricity resistance, unbreathing,
petrification resistance, rot immunity, AC +4
a: no special abilities


You were on level 3 of the Dungeon.
You were not hungry.

You visited 1 branch of the dungeon, and saw 3 of its levels.

You collected 169 gold pieces.

Inventory:

Hand weapons
 a - a +0 flail (weapon)
Armour
 c - a +0 shield (worn)
 g - a +0 pair of gloves (worn)
 k - a +0 chain mail (worn)
Scrolls
 h - 3 scrolls of identify {unknown}
 i - 2 scrolls of remove curse {unknown}
 l - a scroll of fog {unknown}
 m - a scroll of teleportation {unknown}
 n - a scroll of recharging {unknown}
 t - a scroll of amnesia {unknown}
Potions
 b - a potion of invisibility {unknown}
 j - a potion of degeneration {unknown}
 p - a potion of heal wounds {unknown}
Comestibles
 d - 2 bread rations
 f - a meat ration
 o - a royal jelly
 q - a beef jerky
 r - a chunk of flesh


   Skills:
 * Level 6.8 Fighting
 - Level 2.0 Maces & Flails
 - Level 3.2 Armour
 - Level 3.2 Shields


You had 4 spell levels left.
You didn't know any spells.

Dungeon Overview and Level Annotations

Branches:
Dungeon (3/15)

Altars:
Cheibriados
Qazlal
Sif Muna
Vehumet
Zin


Innate Abilities, Weirdness & Mutations

You are resistant to torment.
Your stone body is resilient (AC +4).
You are immune to poison.
You resist negative energy.
You are resistant to electric shocks.
You can survive without breathing.
You are immune to petrification.
You are immune to rotting.


Message History

Purgy is almost dead.
You block Purgy's attack. x2
Purgy claws you but does no damage.
Your shield prevents you from hitting Purgy.
Purgy is almost dead.
You block Purgy's attack. x2
Purgy claws you but does no damage. Purgy bites you but does no damage.
Purgy claws you but does no damage. x2
You sock Purgy!
You kill Purgy!
Your Fighting skill increases to level 6!
You have reached level 5!
Your shield and chain mail prevent you from hitting the worm.
You block the worm's attack.
You barely miss the worm. The worm barely misses you.
Your chain mail prevents you from hitting the worm.
You sock the worm!
The worm is heavily wounded.
The worm bites you.
You die...

##..##..## ...........
.....##..##..#
......##..##..######
......##..##.........
..#..##..##..#######.
.....................
##..###.###.########
#######..###..##@#
..............##w#
#######.####...#.#######
#.# #...#...T...# #.#
#...#.####### #######.#
#...#.# #.......#
#...#.# #.......#
.....(. #.......#
.......


You could see a worm.

Vanquished Creatures
  Purgy (D:3)
  4 adders (D:2)
  An ooze (D:1)
  5 giant cockroaches
  7 hobgoblins
  4 jackals (D:2)
  2 ball pythons (D:1)
  8 bats
  3 giant geckos
  10 goblins
  8 kobolds
  2 rats (D:2)
55 creatures vanquished.

Notes
Turn   | Place    | Note
--------------------------------------------------------------
     0 | D:1      | Thalios, the Gargoyle Fighter, began the quest for the Orb.
     0 | D:1      | Reached XP level 1. HP: 14/14 MP: 1/1
   420 | D:1      | Reached skill level 4 in Fighting
   420 | D:1      | Reached XP level 2. HP: 17/20 MP: 2/2
   955 | D:2      | Reached XP level 3. HP: 24/24 MP: 3/3
  1030 | D:2      | Found a radiant altar of Vehumet.
  1196 | D:2      | Reached skill level 5 in Fighting
  1298 | D:2      | Found a deep blue altar of Sif Muna.
  1465 | D:2      | Found a glowing silver altar of Zin.
  1469 | D:2      | Found a stormy altar of Qazlal.
  1469 | D:2      | Found a snail-covered altar of Cheibriados.
  1501 | D:2      | Reached XP level 4. HP: 27/31 MP: 4/4
  1977 | D:3      | Noticed Purgy
  2004 | D:3      | Killed Purgy
  2004 | D:3      | Reached skill level 6 in Fighting
  2004 | D:3      | Reached XP level 5. HP: 3/37 MP: 5/5
  2009 | D:3      | Slain by a worm

Action                   |  1- 3 |  4- 6 || total
-------------------------+-------+-------++-------
Melee: Flail             |   156 |   102 ||   258
Throw: Throwing net      |       |     2 ||     2
  Use: Potion            |       |     1 ||     1
  Eat: Chunk             |     2 |     2 ||     4
